 Dungeon Crawl Stone Soup version 0.31.0-32-g396128a36d (webtiles) character file.

Game seed: 14543111516925196189

8635 WightKnight the Storyteller (level 11, -3/93 HPs)
             Began as a Naga Shapeshifter on Mar 30, 2024.
             Was a Believer of Hepliaklqana.
             Slain by a meliai
             ... wielding a +0 hand axe
              (4 damage)
             ... on level 11 of the Dungeon.
             The game lasted 00:14:54 (10724 turns).

WightKnight the Storyteller (Naga Shapeshifter)    Turns: 10724, Time: 00:14:54

Health: -3/93      AC: 10    Str: 17    XL:     11   Next: 33%
Magic:  17/17      EV: 22    Int: 15    God:    Hepliaklqana [**....]
Gold:   419        SH:  0    Dex: 10    Spells: 12/12 levels left

rFire   . .          .
                       - Unarmed
rCold   . . .        (shield currently unavailable)
rNeg    . . .        a - melded +0 animal skin
rPois   +            m - +2 hat
rElec   .            w - +0 cloak
rCorr   .            (no gloves)
SInv    +            u - +0 barding
Will    +....        D - amulet of faith {!P}
Stlth   +            E - +5 ring of evasion
HPRegen 0.35/turn    e - +5 ring of evasion
MPRegen 0.15/turn

%: faith
@: flux-form, glowing, very slow
A: glow, contaminating, reduced essence, AC +3, large, see invisible, deformed
body, poison resistance, slowness 2, spit poison 1, naga tail 1
a: Spit Poison, Begin Untransformation, Renounce Religion, Ancestor Life:
Knight, Ancestor Life: Battlemage, Ancestor Life: Hexer, Recall Ancestor,
Ancestor Identity


You were on level 11 of the Dungeon.
You worshipped Hepliaklqana.
Hepliaklqana was pleased with you.
You were something dangerously unstable.
You visited 1 branch of the dungeon, and saw 11 of its levels.

You collected 419 gold pieces.


Innate Abilities, Weirdness & Mutations

You are something dangerously unstable.
You glow with magical radiation, making you easy to see and hit.
Foes you strike become dangerously contaminated with magical radiation.
You are incapable of wielding weapons or throwing items.
Your life essence is reduced to manifest your ancestor. (-10% HP)
Your serpentine skin is tough. (AC +3)
You have supernaturally acute eyesight. (SInv)
Armour fits poorly on your strangely shaped body.
Your system is resistant to poisons. (rPois)
You cover ground very slowly.
You can spit poison.
You have a snake-like lower body.


   Skills:
 + Level 8.4 Fighting
 + Level 3.6 Dodging
 - Level 3.0 Stealth
 + Level 8.4 Unarmed Combat
 - Level 1.0 Spellcasting
 + Level 8.5 Invocations
 + Level 3.8 Evocations
 + Level 8.3 Shapeshifting


You had 12 spell levels left.
You didn't know any spells.
Your spell library contained the following spells:

 Spells                   Type           Power      Damage    Failure   Level
 Hailstorm                Conj/Ice       0%         3d5       58%         3
 Volatile Blastmotes      Fire/Tloc      0%         2d10      58%         3
 Arcjolt                  Conj/Air       0%         1d10      100%        5
 Haunt                    Necr/Summ      0%         N/A       100%        7
 Spellforged Servitor     Conj/Summ      0%         N/A       100%        7
 Borgnjor's Revivificati  Necr           0%         N/A       100%        8
 Death's Door             Necr           0%         N/A       100%        9

Inventory:

Missiles
 N - 3 throwing nets {=f}
Armour
 a - a +0 animal skin (melded)
 m - a +2 hat (worn)
 u - a +0 barding (worn)
 w - a +0 cloak (worn)
 x - a +0 helmet
 A - a +0 kite shield
 I - +0 swamp dragon scales
Magical Staves
 n - a staff of earth {!a}
Jewellery
 e - a +5 ring of evasion (right hand)
 C - a ring of ice
 D - an amulet of faith (around neck) {!P}
 E - a +5 ring of evasion (left hand)
 M - a ring of magical power
Talismans
 c - a beast talisman
 d - a flux talisman (active)
 l - a granite talisman
Wands
 o - a wand of flame (47)
 y - a wand of roots (20)
 H - a wand of charming (8)
 Q - a wand of acid (6)
Scrolls
 f - 9 scrolls of teleportation {@r2}
 j - a scroll of acquirement {unknown}
 p - 2 scrolls of immolation {unknown}
 s - a scroll of fear {unknown}
 t - 2 scrolls of vulnerability {unknown}
 v - 2 scrolls of poison {unknown}
 z - a scroll of butterflies {unknown}
 F - 3 scrolls of enchant weapon
 L - 2 scrolls of fog
 O - a scroll of amnesia {unknown}
 P - a scroll of noise {unknown}
 R - 2 scrolls of blinking {unknown}
Potions
 b - 2 potions of lignification
 g - 3 potions of ambrosia
 h - a potion of mutation {unknown}
 i - a potion of enlightenment {unknown}
 k - 5 potions of might {unknown}
 q - 3 potions of haste {@q3}
 r - 5 potions of brilliance
 B - 3 potions of curing {unknown}
 G - a potion of resistance {unknown}
 J - a potion of attraction {unknown}
 K - a potion of berserk rage {unknown}
 S - a potion of heal wounds {unknown}

Dungeon Overview and Level Annotations

Branches:
Dungeon (11/15)            Temple (0/1) D:7             Orc (0/2) D:11
   Lair: D:8-11

Altars:
Ashenzari
Elyvilon
Fedhas
Hepliaklqana
Kikubaaqudgha
Makhleb
Nemelex Xobeh
Qazlal
Sif Muna
Trog
Vehumet
Wu Jian
Xom
Yredelemnul
Zin
The Shining One

Shops:
D:4 :   D:7 =   D:9 * D:10

* > #. .. #.# o.⚑ #.#
.... #####.#### ..oo8
#........########8o8###
###........##§pyyoooo....
......[...R#§§##oR...####
#.........§#########
#........### #........#
#####.#### #.<.# #.###
#..


You could see an orc warrior (contam) and 2 meliai.


Message History

The orc warrior hits Eadburga with a +0 flail.
The meliai closely misses you.
The meliai hits Eadburga with a +0 hand axe!
The meliai barely misses you.
The meliai closely misses Eadburga.
The meliai stings Eadburga.
Eadburga hits the orc warrior.
The orc warrior hits Eadburga with a +0 flail.
The meliai completely misses you.
The meliai hits Eadburga with a +0 hand axe!
The meliai closely misses you.
Eadburga hits the orc warrior but does no damage.
Unknown command.
The meliai attacks as it pursues you! The meliai hits you with a +0 hand axe.
* * * LOW HITPOINT WARNING * * *
The meliai misses you.
The meliai invokes the aid of its god against you.
Something smites you!
* * * LOW HITPOINT WARNING * * *
The meliai misses you. The meliai closely misses you.
An orc comes into view. It is wielding a +1 heavy flail.
The orc misses Eadburga.
Eadburga hits the orc warrior but does no damage.
The meliai hits you with a +0 hand axe.
* * * LOW HITPOINT WARNING * * *
The meliai completely misses you.
As you read the scroll of fog, it dissolves into smoke.
The meliai hits you with a +0 hand axe!
* * * LOW HITPOINT WARNING * * *
The meliai misses you. The meliai closely misses you. The meliai stings you.
You die...

Skill      XL: |  1  2  3  4  5  6  7  8  9 10 11 |
---------------+----------------------------------+-----
Fighting       | 2 3 4 5 6 7 8 |  8.4
Shapeshifting  | 4 5 6 7 8 |  8.3
Unarmed Combat | 4 5 7 8 |  8.4
Dodging        | 3 |  3.6
Evocations     | 3 |  3.8
Invocations    | 8 |  8.5
Stealth        | 1 3 |  3.0
Spellcasting   | 1 |  1.0

Action                     |  1- 3 |  4- 6 |  7- 9 | 10-12 || total
---------------------------+-------+-------+-------+-------++-------
  Melee: Unarmed           |    80 |    94 |   294 |   364 ||   832
         Punch             |     1 |     8 |     3 |       ||    12
Ability: Spit Poison       |     3 |    15 |     8 |     1 ||    27
  Evoke: Wand              |       |     2 |       |       ||     2
    Use: Potion            |       |     1 |     1 |       ||     2
         Scroll            |       |     1 |       |     6 ||     7
   Stab: Sleeping          |       |     1 |       |       ||     1
         Distracted        |       |       |       |     1 ||     1
 Armour: Animal skin       |    60 |    50 |    61 |       ||   171
         Skin              |       |    20 |    73 |   115 ||   208
  Dodge: Dodged            |    41 |    55 |   232 |   400 ||   728
   Form: Flux              |       |       |     1 |       ||     1

Levels and vault maps discovered:
D:1:      minmay_arrival_nine_rooms, layout_basic,
          dreamdust_ecumenical_altar_drowned_temple
D:2:      layout_basic, minmay_misc_feat_alley, uniq_natasha
D:3:      layout_basic, uniq_sigmund
D:4:      layout_gridville, mainiacjoe_overflow_cross_hatched,
          mainiacjoe_overflow_surrounded_room, fedhas_altar_fruit_tree,
          serial_shops, nicolae_shop_window_shopping, roderic_lattice_a,
          uniq_robin
D:5:      layout_cave_pools, lemuel_zombie_altar_yredelemnul,
          nicolae_elyvilon_temple_path
D:6:      layout_basic, serial_bayou_pond_e, uniq_maggie, uniq_menkaure,
          uniq_prince_ribbit1
D:7:      layout_loops_ring, regret_index_temple_of_mockery,
          nicolae_tso_swordbearing_angel, mainiacjoe_overflow_catwalk,
          minmay_temple_entry_fiery, roderic_serpentine_path,
          minmay_shop_enchanted_jewellery, minmay_fire_ice_demons
D:8:      layout_rooms, nicolae_qazlal_style_of_elements,
          nicolae_overflow_crystal_walls, mainiacjoe_overflow_chevrons,
          special_room [special_room_orc]
D:9:      layout_irregular_city, kiku_gazebo_garden_becter, guppyfry_shop_venom
D:10:     layout_gridville, trog_butcher_becter,
          nemelex_xobeh_ov_fountains_minmay, general_overflow_altar,
          monkooky_shop_alliterative
D:11:     layout_roguey, dpeg_oklobed_lair, david_orc_5, nicolae_shop_gadgets

Notes
Turn   | Place    | Note
-------+----------+-------------------------------------------
     0 | D:1      | WightKnight the Naga Shapeshifter began the quest for the
                  | Orb.
     0 | D:1      | Reached XP level 1. HP: 18/18 MP: 1/1
   124 | D:1      | Reached skill level 2 in Fighting
   124 | D:1      | Reached XP level 2. HP: 22/26 MP: 2/2
   506 | D:1      | Reached XP level 3. HP: 32/33 MP: 3/3
   800 | D:1      | Reached skill level 3 in Fighting
   817 | D:1      | Found a faded altar of an unknown god.
  1122 | D:2      | Noticed Natasha
  1131 | D:2      | Killed Natasha
  1169 | D:2      | Reached XP level 4. HP: 44/44 MP: 4/4
  1188 | D:2      | Noticed Natasha
  1199 | D:2      | Killed Natasha
  1200 | D:2      | Reached skill level 4 in Fighting
  1332 | D:1      | Reached XP level 5. HP: 37/50 MP: 5/5
  1622 | D:2      | Noticed Natasha
  1626 | D:2      | Killed Natasha
  1627 | D:2      | Reached skill level 4 in Shapeshifting
  2223 | D:3      | Noticed Sigmund
  2234 | D:3      | Killed Sigmund
  2235 | D:3      | Reached skill level 5 in Fighting
  2235 | D:3      | Reached XP level 6. HP: 31/61 MP: 6/6
  2854 | D:3      | Identified the +9 long sword "Axkyets" {flame, Str+3}
  3124 | D:3      | Reached skill level 5 in Shapeshifting
  3207 | D:4      | Found a radiant altar of Vehumet.
  3254 | D:4      | Found Roungar's Book Emporium.
  3319 | D:4      | Reached XP level 7. HP: 67/67 MP: 7/7
  3337 | D:4      | Found a broken altar of Ashenzari.
  3407 | D:4      | Found a blossoming altar of Fedhas.
  3790 | D:4      | Noticed Robin
  3894 | D:4      | Killed Robin
  4153 | D:5      | Entered Level 5 of the Dungeon
  4738 | D:5      | Found a white marble altar of Elyvilon.
  4795 | D:5      | Reached skill level 4 in Unarmed Combat
  4989 | D:5      | Reached skill level 6 in Fighting
  4989 | D:5      | Reached skill level 6 in Shapeshifting
  4989 | D:5      | Reached XP level 8. HP: 25/76 MP: 8/8
  5258 | D:5      | Found a basalt altar of Yredelemnul.
  5482 | D:6      | Noticed a yak
  5495 | D:6      | Killed a yak
  5496 | D:6      | Noticed a yak
  5496 | D:6      | Noticed a yak
  5510 | D:6      | Killed a yak
  5511 | D:6      | Reached skill level 7 in Shapeshifting
  5516 | D:6      | Killed a yak
  5517 | D:6      | Reached skill level 7 in Fighting
  5585 | D:6      | Reached skill level 2 in Dodging
  5713 | D:6      | Reached skill level 3 in Dodging
  5713 | D:6      | Reached skill level 5 in Unarmed Combat
  5713 | D:6      | Reached XP level 9. HP: 29/86 MP: 9/9
  5909 | D:6      | Noticed Prince Ribbit
  5922 | D:6      | Killed Prince Ribbit
  5923 | D:6      | Reached skill level 6 in Unarmed Combat
  6060 | D:6      | Reached skill level 7 in Unarmed Combat
  6060 | D:6      | Noticed Menkaure
  6065 | D:6      | Reached skill level 1 in Evocations
  6070 | D:6      | Killed Menkaure
  6432 | D:6      | Noticed Maggie
  6459 | D:6      | Killed Maggie
  6460 | D:6      | Reached skill level 2 in Evocations
  6950 | D:7      | Found a glowing silver altar of Zin.
  7066 | D:7      | Got Xieqokiu's Cyclopedia of Flashy Incineration
  7071 | D:7      | Found Feroczar's Jewellery Shop.
  7114 | D:7      | Reached skill level 3 in Evocations
  7114 | D:7      | Reached XP level 10. HP: 96/96 MP: 10/10
  7121 | D:7      | Found a glowing golden altar of the Shining One.
  7374 | D:7      | Found a hazy altar of Hepliaklqana.
  7375 | D:7      | Found a shimmering altar of Xom.
  7375 | D:7      | Noticed a torpor snail
  7376 | D:7      | Noticed a spectral ugly thing
  7376 | D:7      | Noticed a torpor snail
  7422 | D:7      | Reached skill level 8 in Fighting
  7422 | D:7      | Reached skill level 8 in Unarmed Combat
  7452 | D:7      | Became a worshipper of Hepliaklqana the Forgotten
  7601 | D:7      | Reached skill level 8 in Shapeshifting
  7616 | D:7      | Reached skill level 1 in Invocations
  7680 | D:7      | Reached skill level 2 in Invocations
  7755 | D:7      | Found a staircase to the Ecumenical Temple.
  7934 | D:8      | Reached skill level 3 in Invocations
  7967 | D:8      | Noticed a two-headed ogre
  7985 | D:8      | Killed a two-headed ogre
  7986 | D:8      | Reached skill level 5 in Invocations
  8073 | D:8      | Reached skill level 6 in Invocations
  8105 | D:8      | Noticed a green ugly thing
  8124 | D:8      | Killed a green ugly thing
  8125 | D:8      | Reached skill level 7 in Invocations
  8346 | D:8      | Found a shimmering blue altar of Sif Muna.
  8536 | D:8      | Reached * piety under Hepliaklqana
  8574 | D:8      | Found a burning altar of Makhleb.
  8676 | D:8      | Found a stormy altar of Qazlal.
  9165 | D:9      | Found an ancient bone altar of Kikubaaqudgha.
  9172 | D:9      | Reached skill level 8 in Invocations
  9344 | D:9      | Reached skill level 1 in Stealth
  9351 | D:9      | Found Zoeptoew's Serpentskin Sales.
  9559 | D:10     | Entered Level 10 of the Dungeon
  9559 | D:10     | Reached ** piety under Hepliaklqana
  9590 | D:10     | Found Aoxt's Alliterative Armaments.
  9607 | D:10     | Reached XP level 11. HP: 77/92 MP: 17/17
  9670 | D:10     | Noticed a two-headed ogre
  9678 | D:10     | Killed a two-headed ogre
  9679 | D:10     | Reached skill level 2 in Stealth
  9679 | D:10     | Reached skill level 1 in Spellcasting
  9873 | D:10     | Found a sparkling altar of Nemelex Xobeh.
  9917 | D:10     | Found an ornate altar of the Wu Jian Council.
  9976 | D:10     | Reached skill level 3 in Stealth
 10520 | D:10     | Found a bloodstained altar of Trog.
 10719 | D:11     | Found a staircase to the Orcish Mines.
 10724 | D:11     | HP: 1/93 [meliai/+0 hand axe (9)]
 10724 | D:11     | Slain by a meliai

Vanquished Creatures
  2 two-headed ogres
  An ugly thing (D:8)
  Maggie (D:6)
  Prince Ribbit (D:6)
  Sigmund (D:3)
  A wyvern (D:7)
  10 yaks
  3 vampire mosquitoes (D:10)
  2 steam dragons (D:6)
  Menkaure (D:6)
  2 acid dragons
  A water moccasin (D:8)
  A hornet zombie (D:5)
  A black bear (D:4)
  4 orc warriors (D:8)
  3 ice beasts (D:7)
  An ogre (D:7)
  4 centaurs
  2 kobold brigands (D:9)
  4 bullfrogs
  A gnoll sergeant (D:5)
  4 scorpions
  A wight (D:9)
  5 killer bees (D:7)
  3 howler monkeys
  A centaur zombie (D:5)
  A crimson imp (D:7)
  A jelly (D:6)
  3 hounds
  A bombardier beetle (D:6)
  3 orc priests
  A sleepcap (D:6)
  Natasha (thrice) (D:2)
  2 iguanas
  4 orc wizards
  Robin (D:4)
  13 gnolls
  An adder (D:4)
  A shadow imp (D:7)
  3 white imps (D:7)
  2 ufetubi (D:6)
  2 dart slugs
  3 ribbon worms
  35 orcs
  4 ball pythons
  5 endoplasms
  4 giant cockroaches
  11 goblins
  5 hobgoblins
  5 jackals
  A quokka (D:1)
  7 bats
  A frilled lizard (D:1)
  10 kobolds
  4 rats
  A spectral hobgoblin (D:1)
199 creatures vanquished.

Vanquished Creatures (collateral kills)
  A hornet (D:10)
  A water moccasin (D:9)
  An orc warrior (D:10)
  A wight (D:9)
  A howler monkey (D:10)
  2 orc priests (D:9)
  2 adders (D:9)
  2 orcs
  A ball python (D:9)
  7 kobolds (D:9)
19 creatures vanquished.

Vanquished Creatures (others)
  An ancestor (D:10)
1 creature vanquished.

Grand Total: 219 creatures vanquished

Table legend: (Time is in decaauts)
 A = Elapsed time spent in this place.
 B = Non-inter-level travel time spent in this place.
 C = Inter-level travel time spent in this place.
 D = Time resting spent in this place.
 E = Time spent auto-exploring this place.
 F = Levels seen in this place.
 G = Mean time per level.
                   A        B        C        D        E       F      G
               +--------+--------+--------+--------+--------+-----+--------+
         Total |  13286 |  12747 |    539 |   1553 |   9362 |  11 | 1207.8 |
       Dungeon |  13286 |  12747 |    539 |   1553 |   9362 |  11 | 1207.8 |
               +--------+--------+--------+--------+--------+-----+--------+

Top non-repeatable levels by time:
     D:6: 1653 daAuts
     D:4: 1544 daAuts
     D:2: 1490 daAuts
    D:10: 1390 daAuts
     D:7: 1360 daAuts
     D:1: 1297 daAuts
     D:5: 1264 daAuts
     D:3: 1197 daAuts
     D:9: 1095 daAuts
     D:8: 959 daAuts
    D:11: 33 daAuts

Table legend:
 A = Non-vault XP
 B = Vault XP
 C = Vault XP percentage of total XP
 D = Non-vault monster count
 E = Vault monster count
 F = Vault count percentage of total count
                 A         B        C        D         E       F
            +---------+---------+-------+---------+---------+-------
      Total |    9980 |    2356 |  19.1 |     172 |      46 |  21.1
            +---------+---------+-------+---------+---------+-------
        D:1 |      83 |       1 |   1.2 |      27 |       1 |   3.6
        D:2 |     101 |      35 |  25.7 |      10 |       1 |   9.1
        D:3 |      59 |     243 |  80.5 |      13 |       1 |   7.1
        D:4 |     262 |      26 |   9.0 |      18 |       8 |  30.8
        D:5 |     305 |     187 |  38.0 |       8 |       2 |  20.0
        D:6 |    2049 |     808 |  28.3 |      23 |       3 |  11.5
        D:7 |    1367 |      58 |   4.1 |      17 |       2 |  10.5
        D:8 |    2165 |     477 |  18.1 |      19 |      20 |  51.3
        D:9 |     660 |     181 |  21.5 |      23 |       4 |  14.8
       D:10 |    2929 |     340 |  10.4 |      14 |       4 |  22.2
            +---------+---------+-------+---------+---------+-------
